 Dungeon Crawl Stone Soup version 0.22.1-2-g9c5b331 (webtiles) character file.

51 Matador8 the Slasher (level 4, -1/33 HPs)
             Began as a Human Warper on Dec 18, 2018.
             Succumbed to an adder's poison
             ... on level 2 of the Dungeon.
             The game lasted 00:12:56 (2313 turns).

Matador8 the Slasher (Human Warper)                 Turns: 2313, Time: 00:12:56

Health: -1/33      AC:  4    Str: 13    XL:     4   Next: 5%
Magic:  6/7        EV: 12    Int: 13    God:
Gold:   134        SH:  0    Dex: 12    Spells: 3/7 levels left

rFire    . . .     SeeInvis .   x - -3 whip (curse)
rCold    . . .     Gourm    .   (no shield)
rNeg     . . .     Faith    .   b - +1 leather armour
rPois    .         Spirit   .   (no helmet)
rElec    .         Reflect  .   (no cloak)
rCorr    .         Harm     .   (no gloves)
MR       .....                  (no boots)
Stlth    +.........             (no amulet)
HPRegen  0.11/turn              (no ring)
MPRegen  0.10/turn              (no ring)

@: lethally poisoned (-1 -> -15)
A: no striking features
a: no special abilities


You were on level 2 of the Dungeon.
You were not hungry.

You visited 1 branch of the dungeon, and saw 3 of its levels.

You collected 134 gold pieces.

Inventory:

Hand Weapons
 a - a +0 falchion
 j - a +1 vampiric dagger
 p - a +2 spear of venom
 x - a cursed -3 whip (weapon)
Missiles
 e - 5 tomahawks of dispersal (quivered)
Armour
 b - a +1 leather armour (worn)
 u - a +0 plate armour
 y - a +0 scale mail
Jewellery
 c - a +3 ring of evasion {unknown}
 g - a cursed amulet of inaccuracy {unknown}
 l - a +3 ring of dexterity {unknown}
 v - an uncursed amulet of rage {unknown}
Scrolls
 d - 2 scrolls of blinking
 h - 2 scrolls of enchant armour
 m - 2 scrolls of noise
 n - a scroll of enchant weapon
 s - a scroll of teleportation
Potions
 k - 2 potions of heal wounds {unknown}
 o - a potion of haste {unknown}
 q - a potion of might {unknown}
 r - 2 potions of mutation {unknown}
 t - a potion of flight {unknown}
 w - 2 potions of curing {unknown}
Comestibles
 f - 5 rations
 i - 4 chunks of flesh


   Skills:
 - Level 2.0 Fighting
 * Level 3.6 Long Blades
 - Level 1.0 Throwing
 - Level 1.0 Armour
 - Level 2.0 Dodging
 - Level 2.0 Spellcasting
 + Level 3.4 Translocations


You had 3 spell levels left.
You knew the following spells:

 Your Spells              Type           Power        Failure   Level  Hunger
a - Blink                 Tloc           N/A          12%         2    ###....
b - Shroud of Golubria    Chrm/Tloc      #.........   24%         2    ###....

Your spell library contained the following spells:

 Spells                   Type           Power        Failure   Level  Hunger
 Gell's Gravitas          Tloc           ##........   24%         3    ####...
 Lesser Beckoning         Tloc           ##........   24%         3    ####...
 Teleport Other           Tloc           ##......     24%         3    ####...
 Passage of Golubria      Tloc           N/A          63%         4    #####..


Dungeon Overview and Level Annotations

Branches:
Dungeon (3/15)

Altars:
Fedhas


Message History

You hit the adder but do no damage.
The adder is heavily wounded.
You feel sick. The adder bites you but does no damage. The adder bites you.
* * * LOW HITPOINT WARNING * * *
You are more poisoned.
The adder poisons you!
You miss the adder.
The adder is heavily wounded.
* * * LOW HITPOINT WARNING * * *
You feel sick. The adder bites you.
* * * LOW HITPOINT WARNING * * *
You are more poisoned.
The adder poisons you!
You closely miss the adder.
The adder is heavily wounded.
* * * LOW HITPOINT WARNING * * *
You feel sick. The adder misses you. The adder bites you but does no damage.
You hit the adder.
The adder is severely wounded.
You die...

........#.#.# #.#.#
........#.#.#######.#####
#########.#.............#
....# #.#########.#.###
....# #.#....# #.#.#
....### #.#.##.# #.#.#
......# #.#.#>.# #.#.#
....#.###.#.).o####.#.#
....#.....#.#.oS@.#.#.#
###.##########.##.#.#.#
#.#..........#..#.#.#
#.#.###..######.#.#.###
#.#......# #.#.....#
#.#####.## ###.#######
#.......# #.........#
#########.# #.#.###.###
......#########.#.# #.#


You could see an adder and 2 orcs.

Vanquished Creatures
  An adder (D:2)
  An ooze (D:2)
  2 worms (D:2)
  A dart slug (D:2)
  A leopard gecko (D:1)
  A ball python (D:2)
  2 giant cockroaches
  2 goblins
  6 hobgoblins
  4 kobolds
  2 frilled lizards (D:1)
  6 rats
29 creatures vanquished.

Notes
Turn   | Place    | Note
-------+----------+-------------------------------------------
     0 | D:1      | Matador8 the Human Warper began the quest for the Orb.
     0 | D:1      | Reached XP level 1. HP: 16/16 MP: 3/3
   314 | D:1      | Reached XP level 2. HP: 22/22 MP: 5/5
   322 | D:1      | Learned a level 2 spell: Blink
   325 | D:1      | Learned a level 2 spell: Shroud of Golubria
   932 | D:2      | Reached XP level 3. HP: 15/27 MP: 4/6
   962 | D:2      | Noticed a phantom
  1721 | D:2      | Found a blossoming altar of Fedhas.
  2051 | D:2      | Reached XP level 4. HP: 26/33 MP: 7/7
  2312 | D:2      | HP: 1/33 [poisoned by an adder]
  2313 | D:2      | Succumbed to an adder's poison

Skill      XL: |  1  2 |
---------------+-------+-----
Long Blades    | 3 |  3.6
Fighting       | |  2.0
Throwing       | |  1.0
Armour         | |  1.0
Dodging        | |  2.0
Spellcasting   | |  2.0
Translocations | |  3.4

Action                   |  1- 3 |  4- 6 || total
-------------------------+-------+-------++-------
Melee: Falchion          |   101 |       ||   101
       Whip              |       |    31 ||    31
 Cast: Shroud of Golubri |     5 |     1 ||     6
       Blink             |     1 |       ||     1
  Use: Scroll            |       |     5 ||     5
 Stab: Sleeping          |     1 |       ||     1
  Eat: Chunk             |     3 |     2 ||     5
Armor: Leather armour    |    17 |    16 ||    33
Dodge: Dodged            |    58 |    24 ||    82
       Rpst.: Falchion   |    15 |       ||    15
